 Dungeon Crawl Stone Soup version 0.28.0-53-g5a82cb258f (webtiles) character file.

Game seed: 14149692193843050727

166 Tirrikindir the Skirmisher (level 5, -1/53 HPs)
             Began as a Troll Fighter on Aug 5, 2022.
             Was a Follower of Ru.
             Slain by an ogre
             ... wielding a +0 giant club
              (14 damage)
             ... on level 4 of the Dungeon.
             The game lasted 00:06:41 (2134 turns).

Tirrikindir the Skirmisher (Troll Fighter)          Turns: 2134, Time: 00:06:41

Health: -1/53      AC:  4    Str: 24    XL:     5   Next: 22%
Magic:  4/4        EV:  9    Int:  4    God:    Ru [*.....]
Gold:   77         SH:  7    Dex: 11    Spells: 4/4 levels left

rFire   . . .      SeeInvis .     - Unarmed
rCold   . . .      Faith    +   b - +0 kite shield
rNeg    . . .      Spirit   .   a - +0 robe
rPois   .          Reflect  .   (helmet restricted)
rElec   .          Harm     .   (no cloak)
rCorr   .          Rampage  .   (gloves unavailable)
Will    .....                   (boots unavailable)
Stlth   ..........              f - amulet of faith
HPRegen 0.97/turn               (no ring)
MPRegen 0.09/turn               (no ring)

@: no status effects
A: large, unfitting armour, claws 3, regeneration 1, shaggy fur 1, tough skin 1,
no stealth, no fire magic, no necromancy magic, no transmutations magic
a: Renounce Religion


You were on level 4 of the Dungeon.
You worshipped Ru.
Ru was aware of your devotion.
You visited 1 branch of the dungeon, and saw 4 of its levels.

You collected 77 gold pieces.

Inventory:

Missiles
 i - 5 poisoned darts (quivered)
Armour
 a - a +0 robe (worn)
 b - a +0 kite shield (worn)
Jewellery
 f - an amulet of faith (around neck)
Wands
 o - a wand of digging (2)
Scrolls
 k - a scroll of enchant weapon {unknown}
 l - a scroll of blinking {unknown}
 p - a scroll of immolation {unknown}
Potions
 c - a potion of might
 d - a potion of berserk rage
 e - a potion of ambrosia
 g - a potion of heal wounds
 h - 3 potions of attraction {unknown}
 j - a potion of curing {unknown}
 m - a potion of flight {unknown}
 n - a potion of degeneration {unknown}


   Skills:
 * Level 3.3 Fighting
 + Level 0.9 Throwing
 + Level 2.8 Dodging
   Level 0.0 Stealth
 + Level 2.9 Shields
 * Level 3.2 Unarmed Combat


You had 4 spell levels left.
You didn't know any spells.
Your spell library was empty.

Dungeon Overview and Level Annotations

Branches:
Dungeon (4/15)
 Temple: D:4-7

Altars:
Ru


Innate Abilities, Weirdness & Mutations

You are too large for most types of armour.
You have claws for hands.
Your natural rate of healing is unusually fast.
You are covered in fur. (AC +1)
You have tough skin. (AC +1)
You cannot be stealthy.
You cannot study or cast Fire magic.
You cannot study or cast Necromancy magic.
You cannot study or cast Transmutations magic.


Message History

You block the iguana's attack.
You claw the iguana!
You kill the iguana!
HP restored.
p - a scroll labelled YMNISTUYSU Ru believes you are ready to make a new sacrifice.
Ru asks you to sacrifice your ability to go unnoticed.
This is a modest sacrifice.
Piety after sacrifice: *.....
Do you really want to make this sacrifice?
You can no longer be stealthy.
A jackal comes into view.
The jackal barks!
You claw the jackal!
You kill the jackal!
Done exploring.
(D) Dungeon
Where to? (Enter - D:3, ? - help)
There is a stone staircase leading down here.
You climb downwards.
There is a stone staircase leading up here.
Found a stone staircase leading up.
You open the door.
Found 11 gold pieces.
There is an open door here.
An ogre comes into view. It is wielding a +0 giant club.
The ogre shouts!
A goblin comes into view. It is wielding a +0 club.
The goblin shouts!
You scratch the ogre.
The ogre is moderately wounded.
The ogre hits you with a +0 giant club!!
Ouch! That really hurt!
You claw the ogre!
The ogre is severely wounded.
The ogre hits you with a +0 giant club!
* * * LOW HITPOINT WARNING * * *
You barely miss the ogre.
The ogre is severely wounded.
The ogre hits you with a +0 giant club!
You die...

#..#....#
#..#....#
#..#....#
#..#....#
#..'....+
#..#....#+##.
#..#.........
#..#.........
#..#.@.......
#.<#.O.......
#..#....#####
#..+.g$.+
#....# #....#
#....# #....#


You could see an ogre and a goblin.

Vanquished Creatures
  The ghost of pisher the Chucker, a weakling MiHu (D:3)
  An iguana (D:3)
  3 adders (D:2)
  3 worms
  2 dart slugs (D:3)
  An orc (D:3)
  5 ball pythons
  4 endoplasms
  4 giant cockroaches
  7 hobgoblins
  6 jackals (D:3)
  3 kobolds
  4 quokkas
  3 bats
  4 frilled lizards
  3 goblins
  5 rats
59 creatures vanquished.

Notes
Turn   | Place    | Note
-------+----------+-------------------------------------------
     0 | D:1      | Tirrikindir the Troll Fighter began the quest for the Orb.
     0 | D:1      | Reached XP level 1. HP: 22/22 MP: 0/0
    90 | D:1      | Found a faded altar of an unknown god.
    98 | D:1      | Prayed at the altar of an unknown god.
    98 | D:1      | Became a worshipper of Ru the Awakened
   100 | D:1      | Gained mutation: You cannot study or cast Fire magic. [Ru
                  | sacrifice]
   100 | D:1      | Gained mutation: You cannot study or cast Transmutations
                  | magic. [Ru sacrifice]
   100 | D:1      | Gained mutation: You cannot study or cast Necromancy magic.
                  | [Ru sacrifice]
   100 | D:1      | Reached * piety under Ru
   245 | D:1      | Reached XP level 2. HP: 29/29 MP: 1/1
  1063 | D:2      | Reached XP level 3. HP: 23/36 MP: 2/2
  1426 | D:3      | Reached XP level 4. HP: 30/45 MP: 3/3
  1523 | D:3      | Found a runed translucent door.
  1523 | D:3      | Noticed pisher's ghost (weakling MiHu)
  1565 | D:3      | Killed pisher's ghost
  1862 | D:3      | Reached XP level 5. HP: 53/53 MP: 4/4
  1927 | D:3      | Gained mutation: You cannot be stealthy. [Ru sacrifice]
  2128 | D:4      | Noticed an ogre
  2134 | D:4      | Slain by an ogre

Illustrated notes

Levels and vault maps discovered:
D:1:      heliophobic_arrival_battle_scene, layout_basic,
          shapermc_ecumenical_altar_totnotflames, serial_aquarium,
          aquarium_bridge_straight [aquarium_subvault_bridge,
          aquarium_subvault_wall, aquarium_subvault_bridge,
          aquarium_subvault_wall], aquarium_window_double, aquarium_window_1,
          aquarium_window_corridor_3, aquarium_window_2, aquarium_view_2d,
          aquarium_balcony_3a, aquarium_pool_2
D:2:      layout_rooms, minmay_tetromino_s2
D:3:      layout_loops_cross, hellmonk_ghost_happy_afterlife,
          minmay_diced_spiral
D:4:      layout_gridville

Skill      XL: |  1  2  3  4 |
---------------+-------------+-----
Fighting       | 3 |  3.3
Unarmed Combat | 3 |  3.2
Throwing       | |  0.9
Dodging        | |  2.8
Shields        | |  2.9

Action                   |  1- 3 |  4- 6 || total
-------------------------+-------+-------++-------
Melee: Unarmed           |    96 |    49 ||   145
Invok: Sacrifice Arcana  |     1 |       ||     1
       Sacrifice Stealth |       |     1 ||     1
  Use: Scroll            |     4 |     2 ||     6
 Stab: Sleeping          |     1 |       ||     1
Armor: Robe              |    28 |    10 ||    38
Dodge: Dodged            |    27 |    10 ||    37
Block: Kite shield       |    32 |     8 ||    40
